 Dungeon Crawl Stone Soup version 0.29-a0-857-g9b1aa3ac5b (webtiles) character file.

Game seed: 18004120806387958021

575023 buhh the Gnoll Aeon (level 27, -87/284 HPs)
             Began as a Gnoll Ice Elementalist on July 16, 2022.
             Was the Champion of Cheibriados.
             Annihilated by a juggernaut (88 damage)
             ... on level 5 of the Realm of Zot on July 17, 2022.
             The game lasted 02:24:04 (81390 turns).

buhh the Gnoll Aeon (Gnoll Ice Elementalist)       Turns: 81390, Time: 02:24:05

Health: -87/284    AC: 34    Str: 24    XL:     27
Magic:  12/46      EV: 33    Int: 38    God:    Cheibriados [******]
Gold:   4549       SH: 11    Dex: 29    Spells: 18/64 levels left

rFire   + + .      SeeInvis +     - Unarmed
rCold   + + .      Faith    .   i - +0 buckler {reflect}
rNeg    + + +      Spirit   .   (body armour currently unavailable)
rPois   ∞          Reflect  +   W - -2 hat of the Alchemist {rElec rPois rF+ rC+ rN+ Will+ rMut rCorr}
rElec   +          Harm     .   X - +2 ratskin cloak {*Rats rPois rN+ Str-1 Int-1 Dex+1}
rCorr   +          Rampage  .   (gloves currently unavailable)
rMut    +                       (boots currently unavailable)
Will    ++++.                   S - amulet of the Kraken {RegenMP rF+}
Stlth   ++++++++..              M - ring "Uniplaq" {rC+ rN+ rCorr Int-2 SInv}
HPRegen 0.57/turn               b - ring of willpower
MPRegen 0.70/turn

@: mighty, about to teleport, statue-form, studying Throwing, very slow
A: slow and powerful, torment resistance 1, boosted hp, fangs 1, strong nose,
distributed training
}: 3/15 runes: serpentine, barnacled, silver
a: End Transformation, Renounce Religion, Bend Time, Temporal Distortion,
Slouch, Step From Time


You were on level 5 of the Realm of Zot.
You worshipped Cheibriados.
Cheibriados was exalted by your worship.
You were a living statue of rough stone.
You visited 11 branches of the dungeon, and saw 52 of its levels.

You collected 8218 gold pieces.
You spent 3669 gold pieces at shops.

Inventory:

Hand Weapons
 Q - the +4 dagger "Morg" {pain, Will+ Int+5}
   (You found it on level 3 of the Crypt)

   In the hands of one skilled in necromantic magic, it inflicts extra damage on
   living creatures.
   Int:       It affects your intelligence (+5).
   Will:      It increases your willpower.
Armour
 i - a +0 buckler of reflection (worn)
 x - the +1 leather armour "Riloshap" (melded) {rPois rCorr Int+3 SInv}
   (You found it on level 4 of the Dungeon)

   Int:       It affects your intelligence (+3).
   rPois:     It protects you from poison.
   SInv:      It lets you see invisible.
   rCorr:     It protects you from acid and corrosion.
 W - the -2 hat of the Alchemist (worn) {rElec rPois rF+ rC+ rN+ Will+ rMut rCorr}
   (You acquired it on level 1 of the Elven Halls)

   rF:        It protects you from fire.
   rC:        It protects you from cold.
   rElec:     It insulates you from electricity.
   rPois:     It protects you from poison.
   rN:        It protects you from negative energy.
   rCorr:     It protects you from acid and corrosion.
   rMut:      It protects you from mutation.
   Will:      It increases your willpower.
 X - the +2 ratskin cloak (worn) {*Rats rPois rN+ Str-1 Int-1 Dex+1}
   (You bought it in a shop on level 1 of the Shoals)

   When the wearer is hurt, rats may emerge from it to assist them.
   Str:       It affects your strength (-1).
   Int:       It affects your intelligence (-1).
   Dex:       It affects your dexterity (+1).
   rPois:     It protects you from poison.
   rN:        It protects you from negative energy.
Jewellery
 b - a ring of willpower (right fist)
 p - the ring of the Tortoise {AC+8}
   (You took it off a tengu reaver on level 5 of the Vaults)

   [ring of protection]

   AC:        It affects your AC (+8).
 I - the ring of the Hare {EV+8}
   (You took it off a necromancer on level 3 of the Vaults)

   [ring of evasion]

   EV:        It affects your evasion (+8).
 M - the ring "Uniplaq" (left fist) {rC+ rN+ rCorr Int-2 SInv}
   (You found it on level 3 of the Crypt)

   [ring of positive energy]

   Int:       It affects your intelligence (-2).
   rC:        It protects you from cold.
   rN:        It protects you from negative energy.
   SInv:      It lets you see invisible.
   rCorr:     It protects you from acid and corrosion.
 S - the amulet of the Kraken (around neck) {RegenMP rF+}
   (You acquired it on level 2 of the Depths)

   [amulet of magic regeneration]

   It increases your rate of magic regeneration.
   rF:        It protects you from fire.
 T - a ring of protection from cold
 Y - a ring of flight
Wands
 j - a wand of mindburst (27)
 A - a wand of digging (15)
 C - a wand of iceblast (24)
 D - a wand of paralysis (18)
 E - a wand of flame (81)
 H - a wand of quicksilver (8)
 O - a wand of polymorph (21)
Scrolls
 a - 32 scrolls of identify {!d}
 c - 20 scrolls of teleportation {!d!d}
 d - 7 scrolls of magic mapping {!d}
 e - 2 scrolls of poison
 f - 6 scrolls of fog
 g - 3 scrolls of amnesia
 h - 4 scrolls of enchant armour
 k - 6 scrolls of torment
 L - 9 scrolls of fear {!d}
 N - 6 scrolls of vulnerability
 R - 9 scrolls of noise
 V - 2 scrolls of silence {!r}
Potions
 l - 13 potions of attraction
 m - 3 potions of might
 n - 5 potions of lignification {!d}
 o - 9 potions of mutation {!q!d}
 r - 2 potions of cancellation {!q!d}
 s - 4 potions of resistance {!d}
 t - 10 potions of brilliance {!d}
 u - 4 potions of ambrosia {!d}
 v - 21 potions of curing {!d}
 w - 3 potions of heal wounds {!d}
 y - 4 potions of haste {!q}
 z - 4 potions of berserk rage {!q}
 P - 7 potions of degeneration
 Z - 10 potions of flight
Miscellaneous
 B - a phial of floods
 F - a condenser vane
 G - a box of beasts
 J - a lightning rod (4/4)
 K - a phantom mirror
 U - a tin of tremorstones (1/2)


   Skills:
 + Level 18.7 Fighting
 + Level 18.7 Short Blades
 + Level 18.7 Long Blades
 + Level 18.7 Axes
 + Level 18.7 Maces & Flails
 + Level 18.7 Polearms
 + Level 18.7 Staves
 + Level 18.7 Ranged Weapons
 + Level 19.2 Throwing
 + Level 18.7 Armour
 + Level 19.1 Dodging
 + Level 19.1 Stealth
 + Level 18.7 Shields
 + Level 18.7 Unarmed Combat
 + Level 19.2 Spellcasting
 + Level 15.9 Conjurations
 + Level 15.9 Hexes
 + Level 15.9 Summonings
 + Level 15.9 Necromancy
 + Level 15.9 Translocations
 + Level 15.9 Transmutations
 + Level 15.9 Fire Magic
 + Level 17.2 Ice Magic
 + Level 15.9 Air Magic
 + Level 15.9 Earth Magic
 + Level 15.9 Poison Magic
 + Level 20.2 Invocations
 + Level 18.7 Evocations


You had 18 spell levels left.
You knew the following spells:

 Your Spells              Type           Power      Damage    Failure   Level
a - Ozocubu's Refrigerat  Ice            53%        4d15      1%          7
b - Frozen Ramparts       Ice            100%       1d12      0%          3
c - Starburst             Conj/Fire      51%        6d14      1%          6
d - Blink                 Tloc           100%       N/A       0%          2
e - Malign Gateway        Summ/Tloc      51%        N/A       1%          7
f - Statue Form           Tmut/Erth      68%        N/A       1%          6
g - Irradiate             Conj/Tmut      51%        3d28      1%          5
h - Borgnjor's Vile Clut  Necr/Erth      51%        N/A       1%          5
r - Manifold Assault      Tloc           100%       N/A       1%          5

Your spell library contained the following spells:

 Spells                   Type           Power      Damage    Failure   Level
 Apportation              Tloc           100%       N/A       0%          1
 Beastly Appendage        Tmut           100%       N/A       0%          1
 Freeze                   Ice            100%       1d11      0%          1
 Magic Dart               Conj           100%       1d8       0%          1
 Necrotise                Necr           100%       1d9       0%          1
 Shock                    Conj/Air       100%       1d9       0%          1
 Sting                    Tmut/Pois      100%       1d8       0%          1
 Summon Small Mammal      Summ           100%       N/A       0%          1
 Call Imp                 Summ           100%       N/A       0%          2
 Ensorcelled Hibernation  Hex/Ice        100%       N/A       0%          2
 Passwall                 Tmut/Erth      85%        N/A       0%          2
 Poisonous Vapours        Pois/Air       100%       N/A       0%          2
 Sublimation of Blood     Necr           100%       N/A       0%          2
 Wereblood                Tmut           100%       N/A       0%          2
 Confusing Touch          Hex            100%       N/A       0%          3
 Dazzling Flash           Conj/Hex       100%       N/A       0%          3
 Gell's Gravitas          Tloc           100%       N/A       0%          3
 Ignite Poison            Fire/Tmut/Pois 100%       N/A       0%          3
 Inner Flame              Hex/Fire       100%       N/A       0%          3
 Lesser Beckoning         Tloc           100%       N/A       0%          3
 Mephitic Cloud           Conj/Pois/Air  100%       N/A       0%          3
 Ozocubu's Armour         Ice            100%       N/A       0%          3
 Spider Form              Tmut/Pois      100%       N/A       0%          3
 Swiftness                Air            100%       N/A       0%          3
 Teleport Other           Tloc           100%       N/A       0%          3
 Vampiric Draining        Necr           100%       2d13      0%          3
 Anguish                  Hex/Necr       51%        N/A       0%          4
 Animate Armour           Summ/Erth      100%       N/A       0%          4
 Animate Dead             Necr           100%       N/A       0%          4
 Cause Fear               Hex            51%        N/A       0%          4
 Hailstorm                Conj/Ice       100%       3d20      0%          4
 Ice Form                 Ice/Tmut       100%       N/A       0%          4
 Olgreb's Toxic Radiance  Pois           100%       N/A       0%          4
 Petrify                  Tmut/Erth      100%       N/A       0%          4
 Sticky Flame             Conj/Fire      100%       2d11      0%          4
 Agony                    Necr           100%       N/A       1%          5
 Alistair's Intoxication  Tmut/Pois      68%        N/A       1%          5
 Blade Hands              Tmut           51%        N/A       1%          5
 Fireball                 Conj/Fire      51%        3d20      1%          5
 Freezing Cloud           Conj/Ice/Air   51%        6-21      1%          5
 Lightning Bolt           Conj/Air       51%        1d72      1%          5
 Metabolic Englaciation   Hex/Ice        52%        N/A       1%          5
 Silence                  Hex/Air        51%        N/A       1%          5
 Yara's Violent Unravell  Hex/Tmut       51%        3d20      1%          5
 Death Channel            Necr           51%        N/A       1%          6
 Dispersal                Tloc           51%        N/A       1%          6
 Eringya's Noxious Bog    Tmut/Pois      51%        N/A       1%          6
 Iron Shot                Conj/Erth      51%        9d10      1%          6
 Simulacrum               Ice/Necr       52%        N/A       1%          6
 Dragon Form              Tmut           51%        N/A       1%          7
 Enfeeble                 Hex            51%        N/A       1%          7
 Storm Form               Tmut/Air       51%        N/A       1%          7
 Summon Hydra             Summ           51%        N/A       1%          7
 Borgnjor's Revivificati  Necr           51%        N/A       8%          8
 Discord                  Hex            51%        N/A       8%          8
 Disjunction              Tloc           51%        N/A       8%          8
 Ignition                 Fire           51%        3d14      8%          8
 Lehudib's Crystal Spear  Conj/Erth      51%        10d12     8%          8
 Necromutation            Tmut/Necr      51%        N/A       8%          8
 Summon Horrible Things   Summ           51%        N/A       8%          8
 Polar Vortex             Ice            53%        N/A       56%         9
 Death's Door             Necr           51%        N/A       77%         9
 Fire Storm               Conj/Fire      51%        8d13      77%         9


Dungeon Overview and Level Annotations

Branches:
Dungeon (15/15) Zot: 31878  Temple (1/1) D:7 Zot: 8973    Lair (6/6) D:11 Zot: 34672
 Shoals (4/4) Lair:3 Zot: 26896   Snake (4/4) Lair:3 Zot: 22775   Slime (0/5) Lair:6
    Orc (2/2) D:9 Zot: 14441     Elf (3/3) Orc:2 Zot: 20261  Vaults (5/5) D:13 Zot: 25347
  Crypt (3/3) Vaults:2 Zot: 18324    Tomb (0/3) Crypt:3      Depths (4/4) D:15 Zot: 24070
    Zot (5/5) Depths:4 Zot: 39492

Altars:
Ashenzari
Cheibriados
Dithmenos
Elyvilon
Fedhas
Gozag
Hepliaklqana
Kikubaaqudgha
Makhleb
Nemelex Xobeh
Okawaru
Qazlal
Ru
Sif Muna
Trog
Uskayaw
Vehumet
Wu Jian
Xom
Yredelemnul
Zin
The Shining One

Shops:
D:8 !   Orc:1 !   Orc:2 ::[(   Shoals:1 [   Snake:1 *   Snake:3 (   Vaults:2 *
Depths:1 [   Depths:2 (

Portals:
Hell: Depths:1 Depths:2 Depths:3 Depths:4
Abyss: Vaults:4 Depths:1 Depths:3
Pandemonium: Depths:2 Depths:4
Ziggurat: Depths:2

Annotations:
D:3 1 runed translucent door, Crazy Yiuf
D:5 2 transporters, Ijyb; omnomnOMINOUS's ghost, novice OpWn
D:7 exclusion: downstairs
D:8 2 transporters, exclusion: ice beast, Veterankin's ghost, novice HOFi
D:13 1 transporter, exclusion: 2 two-headed ogres, kevlar127's ghost, journeyman TrBe
Lair:2 3 runed translucent doors, Pooter's ghost, journeyman MiBe
Lair:3 2 transporters
Lair:4 exclusion: 2 downstairs
Shoals:1 Frances
Shoals:2 Ilsuiw; Jorgrun
Snake:1 3 runed translucent doors, buhh's ghost, adept MeIE
Vaults:1 3 runed translucent doors, Ulaemata's ghost, adept HaHu
Vaults:4 2 transporters, Fumalo's ghost, veteran MiBe
Crypt:2 3 runed translucent doors, Hyrrirob's ghost, veteran GrEE
Depths:2 3 runed translucent doors, Kunuk's ghost, veteran MiFi


Innate Abilities, Weirdness & Mutations

You are a living statue of rough stone.
Your actions are slow, but your melee attacks are powerful.
You are resistant to unholy torment.
Your maximum health is greatly increased.
You are immune to poison.
Your equipment is partially melded.
You have very sharp teeth.
Your uncanny sense of smell can sniff out nearby items.
Your experience applies equally to all skills.


Message History

The electric golem hits you but does no damage.
The electric golem completely misses you.
You block the electric golem's attack.
The electric golem completely misses you.
A red draconian comes into view. It is wielding a +0 glaive.
The Killer Klown blinks!
The moth of wrath goads the Orb Guardian on!
The Orb Guardian goes berserk!
The Orb Guardian completely misses you. The Orb Guardian hits you!!!
The electric golem completely misses you. x3
You block the electric golem's attack. The red draconian breathes fire at you.
The searing blast misses you.
The moth of wrath goads the red draconian on!
The red draconian goes berserk!
You block the Orb Guardian's attack.
The Orb Guardian hits you but does no damage.
The electric golem hits you but does no damage.
The electric golem completely misses you.
The electric golem hits you but does no damage.
The electric golem misses you.
The moth of wrath goads the juggernaut on!
The juggernaut goes berserk!
The Orb Guardian hits you!!
A hell rat scurries out from under your cloak.
The Orb Guardian hits you!!!
* * * LOW HITPOINT WARNING * * *
The red draconian fails to trigger a net trap.
The purple draconian hits your hell rat with a +0 trident!
An ancient lich comes into view.
The electric golem completely misses you. x3
The electric golem closely misses you.
The moth of wrath goads the storm dragon on!
The storm dragon goes berserk!
You hear a roar! x2; You hear a deafening roar!
The electric golem attacks as you move away!
The electric golem hits you but does no damage.
You block the electric golem's attack. The electric golem misses you.
You block the electric golem's attack. The Orb Guardian hits you!!!
* * * LOW HITPOINT WARNING * * *
The juggernaut hits you!!!!
You die...

▓▓▓▓▓▓▓▓▓▓▓****
▓▓▓▓.)........,,,****
▓▓▓....^........,,,,,,**
▓▓........^......,,,,,,,** ******
▓.......○........,,,,,,,,*
,,,,,**▓................,,,,,,,,*
,,,,,,▓▓.^..............,,,,,,,**
,,,,,,.▓......D.8...?...,,,,,,**
,,^,,,§.......9CXX......,,,,,**
,,,,,,,▓.....py.........,,,,,,**
,,,,,,*▓.......d.r......,,,,,,,**
,,,,^**▓........^.d.....^,,,,,,,*
****** #..........)....^,,,,,,,,*
##...............,,,,,,,**
##▓..........Ld.,,,,,,**
▓▓▓▓.........,,,,,,**


You could see a juggernaut (berserk), a Killer Klown, an electric golem, an
ancient lich, a storm dragon (berserk), a purple draconian (ally target), 2
draconians, 2 Orb Guardians, a moth of wrath and a friendly hell rat.

Vanquished Creatures
  3 ancient liches
  Mara (Vaults:5)
  A juggernaut (Depths:3)
  2 orbs of fire (Zot:5)
  Saint Roka (Snake:2)
  Vv (Depths:2)
  A caustic shrike (shapeshifter) (Vaults:5)
  Xtahua (Crypt:1)
  3 caustic shrikes (Depths:2)
  4 golden dragons
  Nikola (Depths:2)
  A bone dragon (Crypt:3)
  Jory (Vaults:3)
  A profane servitor (Crypt:3)
  A doom hound (Depths:2)
  2 Tzitzimimeh (Depths:2)
  A Hell Sentinel (Vaults:4)
  Rupert (D:13)
  Mlioglotl (Shoals:3)
  2 titans (Vaults:5)
  12 tentacled monstrosities
  2 liches
  4 deep elf master archers (Elf:3)
  A walking earthen tome (Depths:3)
  A walking frostbound tome (Depths:3)
  A walking divine tome (Depths:3)
  3 quicksilver dragons
  3 deep elf blademasters
  An ancient champion (Crypt:1)
  12 Orb Guardians (Zot:5)
  2 krakens
  6 death cobs
  A sphinx (shapeshifter) (Vaults:5)
  6 sphinxes
  4 storm dragons
  Kirke (D:15)
  10 tengu reavers
  Agnes (Snake:2)
  Polyphemus (Shoals:2)
  Donald (Shoals:1)
  3 revenants
  4 shadow dragons
  2 draconian knights
  8 fire giants
  8 nagarajas
  5 draconian monks
  15 vault wardens
  7 deep elf sorcerers
  4 frost giants
  Aizul (Shoals:1)
  3 curse skulls
  2 draconian shifters (Zot:4)
  4 iron dragons
  4 spectral caustic shrikes (Depths:1)
  An orc warlord (Vaults:4)
  7 draconian stormcallers
  A ghost moth (Zot:5)
  A caustic shrike zombie (Crypt:3)
  5 deep elf elementalists (Elf:3)
  2 draconian scorchers
  4 war gargoyles
  12 ghouls
  2 draconian annihilators (Zot:5)
  17 ironbound preservers
  12 stone giants
  31 very ugly things
  A spriggan defender (Depths:3)
  A caustic shrike skeleton (Crypt:2)
  4 ironbound thunderhulks
  A juggernaut skeleton (Depths:2)
  6 vampire knights
  A reaper (Crypt:2)
  5 green draconians
  Nessos (D:15)
  10 deep elf annihilators
  5 black draconians
  2 deep elf demonologists (Elf:3)
  A purple draconian (Zot:5)
  An entropy weaver (Vaults:3)
  A spark wasp (Depths:3)
  11 dire elephants
  6 white draconians
  A yellow draconian (Zot:5)
  7 deep elf death magi
  A red draconian (Zot:4)
  A blizzard demon (Depths:4)
  An iron golem (Depths:2)
  Snorg (D:13)
  4 crystal guardians
  9 ettins
  16 yaktaur captains
  11 eidola
  8 merfolk javelineers
  10 jiangshi
  An elf zombie (Crypt:3)
  9 fire dragons
  A quicksilver dragon zombie (Crypt:3)
  Josephine (D:11)
  A mummy priest (Crypt:3)
  2 rakshasas
  9 merfolk impalers
  33 vault guards
  3 spriggan zombies
  5 great orbs of eyes
  6 deep elf high priests
  4 spriggan skeletons
  4 spriggan air magi (Depths:3)
  16 boulder beetles
  An elf skeleton (Crypt:2)
  A hell beast (Depths:4)
  2 salamander tyrants (Snake:4)
  3 catoblepae
  4 peacekeepers
  6 ice dragons
  Erolcha (D:13)
  15 hydras
  12 centaur warriors
  A fenstrider witch zombie (Crypt:2)
  8 death knights
  9 anacondas
  2 merfolk avatars
  An anaconda (shapeshifter) (D:15)
  15 two-headed ogres
  9 ironbound frosthearts
  13 naga warriors
  7 ogre magi
  6 tengu warriors
  28 dancing weapons
  3 satyrs
  9 death yaks
  5 deep troll shamans
  5 merfolk aquamancers
  A spriggan berserker (Depths:3)
  4 deep troll earth magi
  A titan zombie (Crypt:3)
  2 shock serpents
  14 naga sharpshooters
  4 vampire magi
  8 iron trolls
  2 soul eaters
  8 hell knights
  11 deep elf knights
  2 sun demons (Depths:4)
  2 salamander mystics
  A bunyip zombie (Crypt:1)
  2 storm dragon skeletons
  A golden dragon zombie (Crypt:2)
  An anaconda zombie (Crypt:1)
  44 deep trolls
  10 wizards
  3 glowing orange brains
  4 naga ritualists
  4 bog bodies
  31 phantasmal warriors
  14 lindwurms
  41 skeletal warriors
  An anaconda skeleton (Crypt:1)
  15 sea snakes
  9 flayed ghosts
  10 deep elf archers
  2 golden dragon skeletons (Depths:2)
  12 orc knights
  A spriggan simulacrum (Depths:3)
  2 tengu zombies
  24 deep elf zephyrmancers
  27 deep elf pyromancers
  A shadow dragon skeleton (Depths:2)
  A wolf spider zombie (Crypt:2)
  19 ironbound convokers
  3 tengu skeletons (Depths:2)
  6 necromancers
  4 oklob plants
  57 ugly things
  10 fauns (Shoals:2)
  A goliath frog zombie (Crypt:1)
  14 manticores
  26 harpies
  5 mana vipers
  10 cyclopes
  20 salamanders
  A salamander (shapeshifter) (Elf:2)
  An orc sorcerer (Orc:2)
  2 dire elephant zombies (Crypt:3)
  4 merfolk sirens
  A moth of wrath (shapeshifter) (Depths:3)
  5 moths of wrath
  An iron dragon skeleton (Depths:2)
  2 stone giant skeletons
  28 black mambas
  A frost giant skeleton (Depths:2)
  4 sphinx skeletons
  A guardian serpent (shapeshifter) (D:15)
  A naga zombie (Crypt:3)
  6 water nymphs
  11 guardian serpents
  2 fire giant skeletons (Depths:2)
  16 vault sentinels
  18 elephants
  18 naga magi
  3 large abominations (Depths:3)
  An alligator snapping turtle zombie (Crypt:3)
  2 torpor snails
  An unseen horror (shapeshifter) (D:15)
  16 cane toads
  A gargoyle (D:12)
  16 komodo dragons
  An efreet (D:14)
  2 rime drakes
  7 unseen horrors
  41 yaktaurs
  A kobold demonologist (D:7)
  2 komodo dragons (shapeshifter)
  3 tormentors
  10 freezing wraiths
  A red devil (Depths:4)
  15 polar bears
  4 ice devils
  3 wind drakes
  A hellwing (Depths:4)
  3 harpy zombies (Crypt:3)
  15 trolls
  3 hornets
  A wind drake (shapeshifter) (D:15)
  2 tyrant leeches (shapeshifter)
  A polar bear (shapeshifter) (D:15)
  An ice dragon zombie (Crypt:3)
  35 merfolk
  A guardian serpent zombie (Crypt:2)
  2 raiju (Lair:6)
  2 harpy skeletons
  A sphinx simulacrum (Depths:3)
  A slime creature (shapeshifter) (Vaults:5)
  28 slime creatures
  A shadow dragon simulacrum (Crypt:1)
  2 blink frogs (Lair:6)
  21 dream sheep
  8 snapping turtles
  2 ettin skeletons
  4 wyverns
  15 flying skulls (Depths:2)
  2 spriggans (Depths:3)
  3 air elementals
  19 water elementals
  3 hogs (D:15)
  16 wraiths
  A shadow (D:11)
  42 yaks
  A human (shapeshifter) (Vaults:5)
  A dire elephant simulacrum (Crypt:2)
  4 basilisks
  5 chaos spawn (Depths:3)
  2 redbacks (Vaults:3)
  2 neqoxecs
  5 steam dragons
  7 vampire mosquitoes
  A catoblepas simulacrum (Crypt:1)
  A harpy simulacrum (Crypt:2)
  6 wargs
  A fire bat zombie (Crypt:1)
  33 nagas
  Edmund (D:6)
  5 acid dragons
  15 hell hounds (Lair:6)
  9 water moccasins
  6 glowing shapeshifter skeletons
  A floating eye (shapeshifter) (Vaults:5)
  23 orc warriors
  20 ogres
  A sky beast (D:7)
  17 wolves (Lair:6)
  16 black bears
  A black mamba simulacrum (Crypt:1)
  6 centaurs (D:14)
  2 kobold brigands
  A swamp dragon skeleton (Crypt:2)
  3 phantoms
  2 glowing shapeshifter simulacra (Vaults:3)
  A bullfrog (shapeshifter) (Vaults:5)
  12 bullfrogs
  4 earth elementals
  17 necrophages
  4 scorpions
  3 wights (D:8)
  8 wyvern skeletons (Crypt:3)
  25 killer bees
  4 small abominations (Depths:3)
  5 electric eels
  A howler monkey (shapeshifter) (D:15)
  3 howler monkeys (D:9)
  A polar bear skeleton (Crypt:2)
  6 jellies
  2 gnoll boudas
  11 orc priests
  4 hounds
  2 iguanas
  14 orc wizards
  7 hell rats (Lair:2)
  3 mummies (Crypt:3)
  9 adders
  15 gnolls
  A swamp drake skeleton (Crypt:2)
  A shadow imp (D:6)
  2 white imps
  A jelly zombie (Crypt:1)
  3 worms
  5 dart slugs
  50 orcs
  13 ball pythons
  11 endoplasms
  4 giant cockroaches
  8 goblins
  9 hobgoblins
  7 jackals
  6 quokkas
  5 bats
  4 frilled lizards
  A jackal zombie (Crypt:1)
  14 kobolds
  8 rats
  11 tentacles
2163 creatures vanquished.

Vanquished Creatures (collateral kills)
  A doom hound (Depths:2)
  Grunn (Depths:2)
  A deep elf sorcerer (Elf:3)
  A ghoul (Crypt:1)
  A dire elephant (Vaults:2)
  A yaktaur captain (Vaults:3)
  A hell beast (Depths:4)
  A spriggan skeleton (Depths:2)
  A spriggan berserker (Depths:3)
  3 deep trolls
  A merfolk (Shoals:3)
  A naga (Snake:4)
14 creatures vanquished.

Vanquished Creatures (others)
  An eldritch tentacle (Elf:3)
  A fire giant (Vaults:5)
  A draconian knight (Zot:4)
  A vault warden (Vaults:3)
  A deep elf knight (Elf:3)
  A wizard (Vaults:2)
  A cyclops (D:15)
  A guardian serpent (Snake:1)
  A rime drake (Lair:6)
  A blink frog (Lair:6)
  A vampire (D:12)
  A human (D:15)
  An ogre (Vaults:5)
  33 fungi
  321 plants
  2 starspawn tentacles (Shoals:3)
  37 tentacles
  20 withered plants (Crypt:3)
426 creatures vanquished.

Grand Total: 2603 creatures vanquished

Notes
Turn   | Place    | Note
-------+----------+-------------------------------------------
     0 | D:1      | buhh the Gnoll Ice Elementalist began the quest for the
                  | Orb.
     0 | D:1      | Reached XP level 1. HP: 13/13 MP: 6/6
   361 | D:1      | Reached XP level 2. HP: 13/19 MP: 4/7
   643 | D:1      | Found a faded altar of an unknown god.
   768 | D:1      | You fall into a shaft and drop 1 floor!
   842 | D:2      | Reached skill level 5 in Spellcasting
   842 | D:2      | Reached XP level 3. HP: 19/25 MP: 5/9
   983 | D:2      | Reached skill level 1 in Invocations
  1174 | D:2      | Reached skill level 1 in Fighting
  1174 | D:2      | Reached skill level 1 in Short Blades
  1174 | D:2      | Reached skill level 1 in Long Blades
  1174 | D:2      | Reached skill level 1 in Axes
  1174 | D:2      | Reached skill level 1 in Maces & Flails
  1174 | D:2      | Reached skill level 1 in Polearms
  1174 | D:2      | Reached skill level 1 in Staves
  1174 | D:2      | Reached skill level 1 in Ranged Weapons
  1174 | D:2      | Reached skill level 1 in Throwing
  1174 | D:2      | Reached skill level 1 in Armour
  1174 | D:2      | Reached skill level 1 in Shields
  1174 | D:2      | Reached skill level 1 in Unarmed Combat
  1174 | D:2      | Reached skill level 1 in Evocations
  1306 | D:2      | Reached XP level 4. HP: 32/32 MP: 8/11
  1310 | D:2      | Learned a level 3 spell: Frozen Ramparts
  1314 | D:2      | Learned a level 3 spell: Ozocubu's Armour
  1477 | D:2      | Reached skill level 1 in Conjurations
  1477 | D:2      | Reached skill level 1 in Hexes
  1477 | D:2      | Reached skill level 1 in Summonings
  1477 | D:2      | Reached skill level 1 in Necromancy
  1477 | D:2      | Reached skill level 1 in Translocations
  1477 | D:2      | Reached skill level 1 in Transmutations
  1477 | D:2      | Reached skill level 1 in Fire Magic
  1477 | D:2      | Reached skill level 1 in Air Magic
  1477 | D:2      | Reached skill level 1 in Earth Magic
  1477 | D:2      | Reached skill level 1 in Poison Magic
  2221 | D:3      | Identified the ring "Boudian" {rF+ rC++ Stlth+}
  2426 | D:3      | Reached XP level 5. HP: 37/37 MP: 9/12
  3615 | D:3      | Found a runed translucent door.
  3616 | D:3      | Noticed Crazy Yiuf
  3790 | D:4      | Reached skill level 2 in Invocations
  3893 | D:4      | Reached XP level 6. HP: 25/44 MP: 4/14
  4057 | D:4      | Reached skill level 5 in Dodging
  4450 | D:4      | Identified the +1 leather armour "Riloshap" {rPois rCorr
                  | Int+3 SInv}
  4875 | D:5      | Entered Level 5 of the Dungeon
  4931 | D:5      | Reached XP level 7. HP: 44/51 MP: 11/15
  5092 | D:5      | Noticed omnomnOMINOUS's ghost (novice OpWn)
  5106 | D:5      | Found a transporter.
  5123 | D:5      | Reached skill level 5 in Stealth
  5198 | D:5      | Found a transporter.
  5228 | D:5      | Noticed Ijyb
  5286 | D:5      | Reached skill level 3 in Invocations
  5674 | D:5      | Reached XP level 8. HP: 58/58 MP: 12/16
  6574 | D:6      | Noticed Edmund
  7645 | D:6      | Killed Edmund
  7646 | D:6      | Reached skill level 4 in Invocations
  7855 | D:7      | Found a staircase to the Ecumenical Temple.
  7870 | Temple   | Entered the Ecumenical Temple
  7880 | Temple   | Became a worshipper of Cheibriados the Contemplative
  7935 | D:7      | Reached XP level 9. HP: 45/65 MP: 9/18
  8296 | D:7      | Noticed a kobold demonologist
  8312 | D:7      | Noticed an ice devil
  8315 | D:7      | Killed a kobold demonologist
  8315 | D:7      | Reached * piety under Cheibriados
  8492 | D:7      | Reached skill level 5 in Invocations
  8923 | D:8      | Found a glowing silver altar of Zin.
  8923 | D:8      | Found an ornate altar of the Wu Jian Council.
  9318 | D:8      | Reached skill level 5 in Fighting
  9318 | D:8      | Reached skill level 5 in Short Blades
  9318 | D:8      | Reached skill level 5 in Long Blades
  9318 | D:8      | Reached skill level 5 in Axes
  9318 | D:8      | Reached skill level 5 in Maces & Flails
  9318 | D:8      | Reached skill level 5 in Polearms
  9318 | D:8      | Reached skill level 5 in Staves
  9318 | D:8      | Reached skill level 5 in Ranged Weapons
  9318 | D:8      | Reached skill level 5 in Throwing
  9318 | D:8      | Reached skill level 5 in Armour
  9318 | D:8      | Reached skill level 5 in Shields
  9318 | D:8      | Reached skill level 5 in Unarmed Combat
  9318 | D:8      | Reached skill level 5 in Evocations
  9318 | D:8      | Reached ** piety under Cheibriados
  9319 | D:8      | Reached XP level 10. HP: 34/74 MP: 16/20
  9689 | D:8      | Found a transporter.
  9736 | D:8      | Identified a scroll of acquirement
  9741 | D:8      | Acquired a staff of cold
  9756 | D:8      | Noticed a moth of wrath
  9767 | D:8      | Found a transporter.
  9799 | D:8      | Found a shadowy altar of Dithmenos.
  9799 | D:8      | Found a white marble altar of Elyvilon.
  9947 | D:8      | Found Viretz's Distillery.
 10329 | D:8      | Bought 2 potions of heal wounds for 100 gold pieces
 10329 | D:8      | Bought a potion of curing for 30 gold pieces
 10329 | D:8      | Bought a potion of attraction for 30 gold pieces
 10329 | D:8      | Bought a potion of berserk rage for 50 gold pieces
 10637 | D:8      | Noticed Veterankin's ghost (novice HOFi)
 10749 | D:9      | Reached skill level 6 in Invocations
 11244 | D:9      | Found a staircase to the Orcish Mines.
 11319 | D:9      | Reached *** piety under Cheibriados
 11993 | D:9      | Learned a level 2 spell: Blink
 11998 | D:9      | Learned a level 4 spell: Hailstorm
 12008 | D:10     | Entered Level 10 of the Dungeon
 12043 | D:10     | Reached skill level 5 in Conjurations
 12043 | D:10     | Reached skill level 5 in Hexes
 12043 | D:10     | Reached skill level 5 in Summonings
 12043 | D:10     | Reached skill level 5 in Necromancy
 12043 | D:10     | Reached skill level 5 in Translocations
 12043 | D:10     | Reached skill level 5 in Transmutations
 12043 | D:10     | Reached skill level 5 in Fire Magic
 12043 | D:10     | Reached skill level 5 in Air Magic
 12043 | D:10     | Reached skill level 5 in Earth Magic
 12043 | D:10     | Reached skill level 5 in Poison Magic
 12043 | D:10     | Reached XP level 11. HP: 51/81 MP: 12/22
 12281 | D:10     | Noticed a two-headed ogre
 12296 | D:10     | Killed a two-headed ogre
 12404 | D:10     | Found a bloodstained altar of Trog.
 12723 | D:10     | Reached skill level 7 in Invocations
 12930 | D:10     | Found a glowing golden altar of the Shining One.
 13223 | D:11     | Found a staircase to the Lair.
 13223 | D:11     | Noticed an oklob plant
 13233 | D:11     | Noticed an oklob plant
 13706 | D:11     | Noticed a red ugly thing
 13754 | D:11     | Noticed Josephine
 13768 | D:11     | Reached **** piety under Cheibriados
 13958 | D:11     | Killed a red ugly thing
 14656 | D:11     | Killed an oklob plant
 14657 | D:11     | Killed an oklob plant
 14668 | Lair:1   | Entered Level 1 of the Lair of Beasts
 15846 | Lair:2   | Reached XP level 12. HP: 91/91 MP: 21/24
 16025 | Lair:2   | Found a runed translucent gate.
 16026 | Lair:2   | Found a runed translucent gate.
 16027 | Lair:2   | Found a runed translucent gate.
 16027 | Lair:2   | Noticed Pooter's ghost (journeyman MiBe)
 16096 | Lair:2   | Reached skill level 8 in Invocations
 16335 | Lair:2   | Noticed a four-headed hydra
 16414 | Lair:2   | Reached ***** piety under Cheibriados
 16547 | Lair:2   | Killed a four-headed hydra
 17360 | Lair:3   | Noticed a death yak
 17360 | Lair:3   | Noticed a death yak
 17360 | Lair:3   | Noticed a death yak
 17360 | Lair:3   | Noticed a death yak
 17360 | Lair:3   | Noticed a death yak
 17369 | Lair:3   | Killed a death yak
 17372 | Lair:3   | Killed a death yak
 17373 | Lair:3   | Killed a death yak
 17376 | Lair:3   | Killed a death yak
 17390 | Lair:3   | Killed a death yak
 17821 | Lair:3   | Found a transporter.
 17839 | Lair:3   | You fall into a shaft and drop 1 floor!
 17924 | Lair:4   | Reached XP level 13. HP: 43/98 MP: 9/26
 17927 | Lair:4   | Reached skill level 9 in Invocations
 18219 | Lair:4   | Learned a level 3 spell: Ignite Poison
 18223 | Lair:4   | Learned a level 3 spell: Mephitic Cloud
 18532 | Lair:4   | Reached skill level 10 in Ice Magic
 19463 | Lair:4   | Identified the +10 hand axe "Goblin's Demise" {holy, Will+}
 19581 | Lair:3   | Found a staircase to the Snake Pit.
 19726 | Lair:3   | Found a staircase to the Shoals.
 19733 | Lair:3   | Learned a level 5 spell: Borgnjor's Vile Clutch
 20105 | Lair:3   | Reached skill level 10 in Spellcasting
 20338 | Lair:3   | Identified the +7 hand axe "Faiq" {freeze, rElec Will+}
 20377 | Lair:3   | Reached ****** piety under Cheibriados
 20701 | Lair:3   | Found a transporter.
 21172 | Lair:5   | Reached skill level 10 in Dodging
 22291 | Lair:6   | Entered Level 6 of the Lair of Beasts
 22532 | Lair:5   | Learned a level 6 spell: Statue Form
 22710 | Lair:6   | Reached skill level 10 in Stealth
 22995 | Lair:6   | Reached XP level 14. HP: 108/108 MP: 23/28
 22999 | Lair:6   | Reached skill level 10 in Invocations
 23067 | Lair:6   | Found a staircase to the Slime Pits.
 24763 | D:11     | Killed Josephine
 24768 | D:11     | Reached skill level 10 in Fighting
 24768 | D:11     | Reached skill level 10 in Short Blades
 24768 | D:11     | Reached skill level 10 in Long Blades
 24768 | D:11     | Reached skill level 10 in Axes
 24768 | D:11     | Reached skill level 10 in Maces & Flails
 24768 | D:11     | Reached skill level 10 in Polearms
 24768 | D:11     | Reached skill level 10 in Staves
 24768 | D:11     | Reached skill level 10 in Ranged Weapons
 24768 | D:11     | Reached skill level 10 in Throwing
 24768 | D:11     | Reached skill level 10 in Armour
 24768 | D:11     | Reached skill level 10 in Shields
 24768 | D:11     | Reached skill level 10 in Unarmed Combat
 24768 | D:11     | Reached skill level 10 in Evocations
 25235 | D:12     | Reached XP level 15. HP: 115/115 MP: 20/30
 25242 | D:12     | Reached skill level 11 in Invocations
 25712 | D:13     | Noticed Erolcha
 25722 | D:13     | Killed Erolcha
 26815 | D:13     | Noticed Snorg
 26823 | D:13     | Killed Snorg
 27177 | D:13     | Found a gate to the Vaults.
 27340 | D:13     | Noticed Rupert
 27464 | D:12     | Learned a level 7 spell: Ozocubu's Refrigeration
 27717 | D:13     | Found an ornate altar of the Wu Jian Council.
 27908 | D:13     | Killed Rupert
 28092 | D:13     | Noticed kevlar127's ghost (journeyman TrBe)
 28128 | D:13     | Found a transporter.
 28144 | D:13     | Identified the +5 great mace of Ghostly Watchfulness
                  | {drain, rElec rPois Int+4}
 28144 | D:13     | Identified the +10 great mace of the Rescuing Tiger {holy,
                  | Will+ Str+3 Dex-5}
 29176 | D:14     | Found a shadowy altar of Dithmenos.
 30094 | D:15     | Entered Level 15 of the Dungeon
 30356 | D:15     | Reached XP level 16. HP: 124/124 MP: 25/32
 30444 | D:14     | Learned a level 5 spell: Manifold Assault
 30866 | Snake:1  | Entered Level 1 of the Snake Pit
 31035 | Orc:1    | Entered Level 1 of the Orcish Mines
 31516 | Orc:1    | You fall into a shaft and drop 1 floor!
 31516 | Orc:2    | Entered Level 2 of the Orcish Mines
 31520 | Orc:2    | Found a staircase to the Elven Halls.
 31688 | Orc:2    | Reached skill level 12 in Invocations
 31790 | Orc:2    | Found Zalerher's Armour Shop.
 31797 | Orc:2    | Found Ydghituss's Book Shop.
 31960 | Orc:2    | Found Yguer's Antique Weapon Emporium.
 31980 | Orc:2    | Bought a Grand Grimoire for 442 gold pieces
 31980 | Orc:2    | Bought a book of Blood for 364 gold pieces
 31982 | Orc:2    | Found Lenwoodu's Book Boutique.
 32614 | Orc:1    | Found Siahain's Distillery.
 32636 | Orc:1    | Bought a potion of lignification for 42 gold pieces
 32636 | Orc:1    | Bought a potion of attraction for 42 gold pieces
 32636 | Orc:1    | Bought a potion of curing for 42 gold pieces
 32636 | Orc:1    | Bought a potion of curing for 42 gold pieces
 32636 | Orc:1    | Bought a potion of curing for 42 gold pieces
 32636 | Orc:1    | Bought a potion of resistance for 140 gold pieces
 33380 | Snake:1  | Noticed buhh's ghost (adept MeIE)
 33461 | Snake:1  | Found Citaimalu's Mass Market.
 33513 | Snake:1  | Found a runed translucent gate.
 33514 | Snake:1  | Found a runed translucent gate.
 33515 | Snake:1  | Found a runed translucent gate.
 34200 | Snake:1  | You fall into a shaft and drop 1 floor!
 34208 | Snake:2  | Noticed Agnes
 34217 | Snake:2  | Killed Agnes
 34853 | Snake:2  | Found a shimmering blue altar of Sif Muna.
 34859 | Snake:2  | Noticed a nagaraja
 34868 | Snake:2  | Killed a nagaraja
 34931 | Snake:2  | Noticed Saint Roka
 34944 | Snake:2  | Killed Saint Roka
 35531 | Snake:2  | Reached XP level 17. HP: 133/133 MP: 19/33
 35838 | Snake:2  | Reached skill level 10 in Conjurations
 35838 | Snake:2  | Reached skill level 10 in Hexes
 35838 | Snake:2  | Reached skill level 10 in Summonings
 35838 | Snake:2  | Reached skill level 10 in Necromancy
 35838 | Snake:2  | Reached skill level 10 in Translocations
 35838 | Snake:2  | Reached skill level 10 in Transmutations
 35838 | Snake:2  | Reached skill level 10 in Fire Magic
 35838 | Snake:2  | Reached skill level 10 in Air Magic
 35838 | Snake:2  | Reached skill level 10 in Earth Magic
 35838 | Snake:2  | Reached skill level 10 in Poison Magic
 37260 | Snake:3  | Found Miupp's Antique Weapon Boutique.
 37571 | Snake:3  | Reached skill level 13 in Invocations
 39003 | Shoals:1 | Entered Level 1 of the Shoals
 39362 | Shoals:1 | Noticed Donald
 39379 | Shoals:1 | Killed Donald
 39544 | Shoals:1 | Found Poipsum's Antique Armour Emporium.
 39608 | Shoals:1 | Bought the +2 ratskin cloak {*Rats rPois rN+ Str-1 Int-1
                  | Dex+1} for 667 gold pieces
 39608 | Shoals:1 | Found the +2 ratskin cloak {*Rats rPois rN+ Str-1 Int-1
                  | Dex+1}
 39620 | Shoals:1 | Bought the +3 salamander hide armour {Flames rF++ rC--} for
                  | 828 gold pieces
 39620 | Shoals:1 | Found the +3 salamander hide armour {Flames rF++ rC--}
 39763 | Shoals:1 | Noticed a kraken
 40284 | Shoals:1 | Noticed Frances
 40303 | Shoals:2 | You fall into a shaft and drop 1 floor!
 40303 | Shoals:3 | Noticed Mlioglotl
 40305 | Shoals:3 | Noticed a tentacled starspawn
 41301 | Shoals:2 | Identified the +4 leather armour of Valour {rElec Str+4}
 41322 | Shoals:2 | Noticed Ilsuiw
 41333 | Shoals:2 | Noticed Jorgrun
 41367 | Shoals:2 | Noticed Polyphemus
 42013 | Snake:4  | Entered Level 4 of the Snake Pit
 42104 | Snake:4  | Reached XP level 18. HP: 141/141 MP: 6/35
 44041 | Snake:4  | Got a serpentine rune of Zot
 44626 | Shoals:1 | Noticed Aizul
 44638 | Shoals:1 | Killed Aizul
 44769 | Shoals:1 | Reached skill level 14 in Invocations
 45530 | Shoals:2 | Found a blossoming altar of Fedhas.
 46267 | Shoals:3 | Identified the +10 trident "Davianex" {vorpal, rC+}
 46306 | Shoals:3 | Killed Mlioglotl
 46429 | Shoals:4 | Entered Level 4 of the Shoals
 46528 | Shoals:4 | Identified the +9 plate armour of Berph {rPois Str+4}
 47142 | Shoals:4 | Reached XP level 19. HP: 131/149 MP: 28/37
 47145 | Shoals:4 | Identified the +5 scale mail "Fufiesoa" {Int+6 Dex-3}
 47769 | Shoals:4 | Got a barnacled rune of Zot
 47870 | Shoals:2 | Killed Polyphemus
 48404 | Vaults:1 | Entered Level 1 of the Vaults
 49766 | Vaults:1 | Found a runed translucent gate.
 49766 | Vaults:1 | Found a runed translucent gate.
 49766 | Vaults:1 | Found a runed translucent gate.
 49921 | Vaults:1 | Noticed Ulaemata's ghost (adept HaHu)
 50340 | Vaults:2 | Found Oshrefimi's General Store.
 50352 | Vaults:2 | Bought a book of Transfigurations for 640 gold pieces
 50352 | Vaults:2 | Bought a scroll of magic mapping for 120 gold pieces
 50352 | Vaults:2 | Bought a potion of curing for 48 gold pieces
 50360 | Vaults:2 | Learned a level 5 spell: Irradiate
 50394 | Vaults:2 | Paralysed by a great orb of eyes for 5 turns
 50514 | Vaults:2 | Reached skill level 15 in Invocations
 51029 | Vaults:2 | Found a staircase to the Crypt.
 51116 | Vaults:2 | Reached XP level 20. HP: 158/158 MP: 33/38
 52415 | Vaults:3 | Noticed Jory
 53117 | Vaults:3 | Reached skill level 15 in Spellcasting
 53488 | D:15     | Found a basalt altar of Yredelemnul.
 53489 | D:15     | Found an iron altar of Okawaru.
 53490 | D:15     | Found a blossoming altar of Fedhas.
 53931 | D:15     | Reached skill level 15 in Dodging
 54133 | D:15     | Noticed Kirke
 54141 | D:15     | Killed Kirke
 54164 | D:15     | Noticed Nessos
 54169 | D:15     | Killed Nessos
 54353 | D:15     | Reached skill level 15 in Stealth
 54949 | D:15     | Found a staircase to the Depths.
 55125 | D:15     | Got the Grimoire of Unholy Shaping
 55203 | D:15     | Identified the +1 plate armour of Jopn {rPois rC- MP+9}
 55692 | Vaults:3 | Reached XP level 21. HP: 166/166 MP: 37/40
 55754 | Vaults:3 | Killed Jory
 56746 | Vaults:3 | Reached skill level 16 in Invocations
 57940 | Crypt:1  | Entered Level 1 of the Crypt
 58141 | Crypt:1  | Found the necklace of Bloodlust {*Rage Will++ Int-3 Slay+6}
 58861 | Crypt:1  | Noticed Xtahua
 58865 | Crypt:1  | Paralysed by Xtahua for 5 turns
 58871 | Crypt:1  | Killed Xtahua
 59015 | Crypt:1  | Reached skill level 15 in Fighting
 59015 | Crypt:1  | Reached skill level 15 in Short Blades
 59015 | Crypt:1  | Reached skill level 15 in Long Blades
 59015 | Crypt:1  | Reached skill level 15 in Axes
 59015 | Crypt:1  | Reached skill level 15 in Maces & Flails
 59015 | Crypt:1  | Reached skill level 15 in Polearms
 59015 | Crypt:1  | Reached skill level 15 in Staves
 59015 | Crypt:1  | Reached skill level 15 in Ranged Weapons
 59015 | Crypt:1  | Reached skill level 15 in Throwing
 59015 | Crypt:1  | Reached skill level 15 in Armour
 59015 | Crypt:1  | Reached skill level 15 in Shields
 59015 | Crypt:1  | Reached skill level 15 in Unarmed Combat
 59015 | Crypt:1  | Reached skill level 15 in Evocations
 59378 | Crypt:2  | Identified the +6 broad axe of Excruciating Pain {freeze,
                  | Drain Fly rF+++ Will- Str+4}
 59395 | Crypt:2  | Paralysed by something for 4 turns
 59402 | Crypt:2  | Paralysed by a vampire knight for 4 turns
 60020 | Crypt:1  | Paralysed by something for 5 turns
 60409 | Elf:1    | Entered Level 1 of the Elven Halls
 61009 | Elf:1    | Acquired the -2 hat of the Alchemist {rElec rPois rF+ rC+
                  | rN+ Will+ rMut rCorr}
 61009 | Elf:1    | Found the -2 hat of the Alchemist {rElec rPois rF+ rC+ rN+
                  | Will+ rMut rCorr}
 61337 | Elf:1    | Reached XP level 22. HP: 175/175 MP: 36/42
 61443 | Elf:1    | You fall into a shaft and drop 1 floor!
 61568 | Elf:2    | Found a runed translucent gate.
 61571 | Elf:2    | Found a runed translucent gate.
 61571 | Elf:2    | Found a runed translucent gate.
 62087 | Elf:2    | Paralysed by an air elemental for 1 turns
 62097 | Elf:2    | Paralysed by an air elemental for 1 turns
 62899 | Elf:2    | Acquired a book of Fire
 62908 | Elf:2    | Learned a level 6 spell: Starburst
 63229 | Elf:3    | Entered Level 3 of the Elven Halls
 63301 | Elf:3    | Identified the +5 broad axe of Infection {antimagic, rElec}
 63690 | Elf:3    | Reached skill level 17 in Invocations
 63714 | Elf:3    | Identified the +3 ice dragon scales "Puywk" {rElec rF- rC++
                  | Will+ Dex+6}
 63717 | Elf:3    | Reached skill level 15 in Ice Magic
 63736 | Elf:3    | Identified the +7 plate armour "Holamin" {rElec rC++ Will-
                  | Slay+2}
 63736 | Elf:3    | Identified the ring "Tuifiri" {Fire Str+3}
 63737 | Elf:3    | Identified the +5 quarterstaff of the Shrinking Coward
                  | {vorpal, Will+}
 63767 | Elf:3    | Identified the amulet "Tarysko" {Spirit Int+7}
 63768 | Elf:3    | Identified the +7 chain mail "Vuong" {rF+ Dex+7 SInv
                  | Stlth-}
 63776 | Elf:3    | Got the Compendium of the Sky and Graupel
 63793 | Elf:3    | Learned a level 7 spell: Malign Gateway
 63941 | Elf:3    | Identified the +5 dagger of Irrepressible Laughter
                  | {protect, rPois rF+ rCorr}
 63961 | Elf:3    | Identified the +3 mace "Uschaokos" {vorpal, Str+4 Int+2}
 64365 | Elf:3    | Paralysed by an air elemental for 1 turns
 64969 | Crypt:2  | Noticed Hyrrirob's ghost (veteran GrEE)
 64970 | Crypt:2  | Found a runed translucent gate.
 64971 | Crypt:2  | Found a runed translucent gate.
 64972 | Crypt:2  | Found a runed translucent gate.
 65478 | Crypt:3  | Entered Level 3 of the Crypt
 65546 | Crypt:3  | Reached XP level 23. HP: 166/183 MP: 39/43
 66306 | Crypt:3  | Found a basalt altar of Yredelemnul.
 66406 | Crypt:3  | Identified the +9 morningstar of Bile {vorpal, rElec rC+++
                  | rCorr Int-4}
 66406 | Crypt:3  | Identified the ring "Ykhos" {rElec Int+6}
 66443 | Crypt:3  | Got Faaxef's Reference Book on the Tesseract and Weather
 66500 | Crypt:3  | Identified the ring of Vockumn {rC+ rN+ Str+4 SInv}
 66500 | Crypt:3  | Identified the ring "Uniplaq" {rC+ rN+ rCorr Int-2 SInv}
 67107 | Crypt:3  | Found a staircase to the Tomb.
 67470 | Crypt:3  | Found the +4 dagger "Morg" {pain, Will+ Int+5}
 68971 | Depths:1 | Entered Level 1 of the Depths
 69304 | Depths:1 | Found a gateway to Hell.
 69750 | Depths:1 | Found a one-way gate to the infinite horrors of the Abyss.
 70084 | Depths:1 | Found Lucoud's Armour Shop.
 70497 | Depths:2 | Noticed a caustic shrike
 70499 | Depths:2 | Noticed a caustic shrike
 70500 | Depths:2 | Noticed a caustic shrike
 70507 | Depths:2 | Killed a caustic shrike
 70508 | Depths:2 | Killed a caustic shrike
 70509 | Depths:2 | Killed a caustic shrike
 70510 | Depths:2 | Reached skill level 18 in Invocations
 70510 | Depths:2 | Reached XP level 24. HP: 193/193 MP: 27/44
 70861 | Depths:2 | Noticed Vv
 70873 | Depths:2 | Killed Vv
 70965 | Depths:2 | Found a one-way gateway to a ziggurat.
 70967 | Depths:2 | Acquired the amulet of the Kraken {RegenMP rF+}
 71031 | Depths:2 | Found a snail-covered altar of Cheibriados.
 71142 | Depths:2 | Noticed Kunuk's ghost (veteran MiFi)
 71149 | Depths:2 | Noticed Nikola
 71152 | Depths:2 | Noticed Grunn
 71157 | Depths:2 | Killed Nikola
 71170 | Depths:2 | Killed Grunn
 71600 | Depths:2 | Found Hicrus's Weapon Emporium.
 71710 | Depths:2 | Found a runed translucent gate.
 71711 | Depths:2 | Found a runed translucent gate.
 71712 | Depths:2 | Found a runed translucent gate.
 71840 | Depths:2 | Found a one-way gate leading to the halls of Pandemonium.
 72102 | Depths:2 | Identified the +6 dire flail of Coziexop {pain, Str+2
                  | Int+5}
 73321 | Depths:3 | Noticed a juggernaut
 73324 | Depths:3 | Identified the ring of Grace {rPois rN+ Slay+3}
 73327 | Depths:3 | Killed a juggernaut
 73341 | Depths:3 | Identified the amulet "Ihiudwar" {Reflect Will+ Regen+
                  | Str+5 SH+5}
 73481 | Depths:3 | Identified the ring of Kaoggy {rF- rN+ rCorr SInv Stlth+}
 73483 | Depths:3 | Identified the ring "Cikhlia Imat" {Ice rPois Will- Str+3
                  | Int-3}
 74161 | Depths:4 | Entered Level 4 of the Depths
 74175 | Depths:4 | Reached XP level 25. HP: 201/201 MP: 22/44
 74637 | Depths:4 | Found a glowing silver altar of Zin.
 74803 | Depths:4 | Found a gate to the Realm of Zot.
 74885 | Depths:4 | Acquired the Meditations on Conjuring and Putrescence
 76559 | Vaults:4 | Noticed Fumalo's ghost (veteran MiBe)
 76576 | Vaults:4 | Found a transporter.
 76580 | Vaults:4 | Found a transporter.
 76699 | Vaults:4 | Identified the +4 long sword of the Penguin {vorpal, rF+
                  | rN++ Str-4}
 77036 | Vaults:5 | Entered Level 5 of the Vaults
 77036 | Vaults:5 | Noticed an ancient lich
 77039 | Vaults:5 | Reached skill level 19 in Invocations
 77040 | Vaults:5 | Reached skill level 15 in Conjurations
 77040 | Vaults:5 | Reached skill level 15 in Hexes
 77040 | Vaults:5 | Reached skill level 15 in Summonings
 77040 | Vaults:5 | Reached skill level 15 in Necromancy
 77040 | Vaults:5 | Reached skill level 15 in Translocations
 77040 | Vaults:5 | Reached skill level 15 in Transmutations
 77040 | Vaults:5 | Reached skill level 15 in Fire Magic
 77040 | Vaults:5 | Reached skill level 15 in Air Magic
 77040 | Vaults:5 | Reached skill level 15 in Earth Magic
 77040 | Vaults:5 | Reached skill level 15 in Poison Magic
 77040 | Vaults:5 | Killed an ancient lich
 77568 | Vaults:5 | Identified the +0 scale mail "Fullucuom" {Rampage +Inv
                  | Str+4}
 77916 | Vaults:5 | Identified the +3 mace "Mourr" {pain, rC+ Int+3 Dex+2}
 78057 | Vaults:5 | Identified the +7 short sword "Itsail" {spect, SInv}
 78060 | Vaults:5 | Reached XP level 26. HP: 211/211 MP: 11/45
 78560 | Vaults:5 | Noticed an ancient lich
 78565 | Vaults:5 | Killed an ancient lich
 79035 | Vaults:5 | Identified the +1 ring mail "Etteupne" {Contam Fly rN+++
                  | Str-5}
 79156 | Vaults:5 | Got a silver rune of Zot
 79216 | Vaults:5 | Noticed Mara
 79227 | Vaults:5 | Killed Mara
 80031 | Zot:1    | Entered Level 1 of the Realm of Zot
 80173 | Zot:3    | Identified the +1 robe of Rusois {Stlth+}
 80698 | Zot:5    | Entered Level 5 of the Realm of Zot
 80971 | Zot:5    | Reached skill level 20 in Invocations
 81360 | Zot:5    | Noticed an ancient lich
 81361 | Zot:5    | Noticed an orb of fire
 81364 | Zot:5    | Noticed a Killer Klown
 81369 | Zot:5    | Killed an orb of fire
 81370 | Zot:5    | Noticed an orb of fire
 81371 | Zot:5    | Killed an ancient lich
 81372 | Zot:5    | Reached XP level 27. HP: 201/219 MP: 2/46
 81384 | Zot:5    | Killed an orb of fire
 81387 | Zot:5    | Noticed an orb of fire
 81388 | Zot:5    | Noticed a juggernaut
 81388 | Zot:5    | a Killer Klown changed into a juggernaut
 81389 | Zot:5    | Noticed an ancient lich
 81390 | Zot:5    | HP: 1/284 [Orb Guardian (47)]
 81390 | Zot:5    | Annihilated by a juggernaut

Illustrated notes

Levels and vault maps discovered:
D:1:      scummos_arrival_checkerplants, layout_loops_ring,
          shapermc_ecumenical_altar_mp_highgroup
D:2:      layout_basic
D:3:      minmay_inner_zag, layout_loops_ring, minmay_increasing_density,
          uniq_crazy_yiuf_cottage
D:4:      layout_cave_pools
D:5:      layout_loops_cross, lemuel_zombie_altar_yredelemnul,
          gammafunk_ghost_stat_death, uniq_ijyb
D:6:      layout_gridville, chequers_serial_rivers_small_b, uniq_edmund
D:7:      layout_rooms, minmay_temple_entry_slanted
D:8:      layout_cave_pools, gammafunk_temple_overflow_statue,
          gammafunk_temple_overflow_wave, serial_shops, shop_coins,
          gammafunk_ghost_wrathful_warriors, corexii_corridor_pit,
          eino_small_chamber_without_monster
D:9:      layout_loops_cross, orc_0_dummy
D:10:     layout_roguey, mainiacjoe_overflow_24_doors, kennysheep_mini,
          lemuel_flamethrower_hall
D:11:     layout_loops_ring, dpeg_oklobed_lair, hangedman_fish_farm,
          uniq_josephine
D:12:     layout_loops_ring
D:13:     layout_irregular_city, david_vaults_1, gammafunk_ghost_smash,
          nicolae_sextant, hangedman_decor_push, nicolae_wu_jian_wuxing_cycle,
          uniq_snorg, uniq_rupert, uniq_erolcha
D:14:     cheibrodos_tormentor_scu, layout_basic, hangedman_decor_cross_pass
D:15:     hangedman_slaughterboxes, uniq_nessos, uniq_kirke
Temple:   nicolae_temple_no_exploring_needed
Lair:1:   layout_gridlike, beast_lair_carwin_2
Lair:2:   layout_regular_city, gammafunk_ghost_split
Lair:3:   gammafunk_worm_tunnel, layout_loops_ring,
          minmay_shoals_entry_lonely_mermaid, guppyfry_snake_entry_island,
          portal_ice_cave_demonic_guard, wad_woods_river_02
Lair:4:   layout_gridlike, serial_bayou_lagoon_b
Lair:5:   layout_small_grid, grunt_megastairs_5, serial_bayou_shore_b
Lair:6:   hangedman_lair_caniforms_friends, layout_cave_pods,
          guppyfry_lair_end_dragon, nicolae_slime_entry_slimehenge,
          chequers_serial_rivers_large_a, minmay_lindwurm_lava
Shoals:1: layout_shoals, serial_shops, nicolae_shop_crystal,
          nicolae_shoals_mertower, uniq_donald, uniq_frances, uniq_aizul
Shoals:2: layout_shoals, wheals_shoals_ruined_temple, uniq_ilsuiw,
          uniq_polyphemus, uniq_jorgrun
Shoals:3: layout_shoals, overgrown_statue, uniq_mlioglotl
Shoals:4: shoals_end_simple, layout_shoals, ebering_ghost_xom
Snake:1:  layout_basic, gammafunk_ghost_split, minmay_shop_mass,
          nicolae_snake_gridmaze_tees, serial_bayou_crossing
Snake:2:  layout_basic, basic_altar, nicolae_snake_snake_lake, uniq_saint_roka,
          uniq_agnes
Snake:3:  layout_concentric_octagons, serial_shops, shop, grunt_megastairs_1
Snake:4:  grunt_snake_rune_serpentine_throne, layout_cave_town,
          nicolae_snake_salamander_fort
Orc:1:    layout_caves, serial_shops, shop
Orc:2:    st_orc_open, layout_diamond_mine
Elf:1:    eino_elf_arrival_shootout, layout_geoelf_diagonals,
          hangedman_elf_represent
Elf:2:    nicolae_elf_blades_crystal_corner, layout_gridlike
Elf:3:    minmay_elf_hall_statues, layout_loops_cross
Vaults:1: gammafunk_ghost_necromancy, nicolae_vaults_ring_of_whatevers,
          vaults_dpeg_diagonal, v_alt_pattern_5, v_misc_25, v_misc_24,
          vaults_room_door_hall, layout_vaults_omnigrid
Vaults:2: nicolae_vaults_big_angled_halls, v_misc_1,
          nicolae_vaults_sealed_display, hangedman_vaults_snaps,
          minmay_crypt_entry_simple_round, ontoclasm_vaults_misaligned,
          grunt_vaults_diagonal, hangedman_vaults_pinch,
          dpeg_vaults_monster_box, vaults_mumra_hex, layout_vaults_omnicross,
          serial_shops, shop_statue
Vaults:3: hangedman_vaults_hat, nicolae_vaults_arrows, nicolae_vaults_meeting,
          nicolae_vaults_what_the_h, ontoclasm_vaults_idyll,
          ontoclasm_vaults_tryst, ontoclasm_vaults_pinch, v_misc_28,
          vaults_dpeg_ring, hangedman_vaults_restitches,
          layout_vaults_maze_snakey, uniq_jory
Vaults:4: gammafunk_ghost_abyssal_escape, ontoclasm_vaults_ring_large,
          v_pattern_2, nicolae_vaults_little_squares_6,
          nicolae_vaults_diagonal_hallway_6, vaults_standard_mumra_lines,
          nicolae_vaults_yaktaur_gun_rack, nicolae_vaults_rhombus_5,
          layout_vaults_big_room
Vaults:5: uniq_mara
Crypt:1:  layout_misc_corridors, hangedman_weighted_door, uniq_xtahua
Crypt:2:  layout_rooms, gammafunk_ghost_split, grunt_megastairs_4
Crypt:3:  evilmike_haunted_forest
Depths:1: layout_basic, chequers_serial_rivers_micro_b, pf_hell_entry_tar_river,
          abyss_entry, grunt_ministairs_1, nicolae_wooded_promenade,
          minmay_misc_feat_diagonals, hangedman_stitches_earthworm
Depths:2: minmay_skeleton_keep, layout_cave_pools, enter_ziggurat_f, hell_entry,
          gammafunk_ghost_split, rand_demon_pan_entry_9, slow_altar_2,
          minmay_shop_star, serial_bayou_shore_a, uniq_vv, uniq_grunn,
          uniq_nikola
Depths:3: minmay_the_grid_triangle_9x9_rhombus_full
          [minmay_the_grid_triangle_9x9_odd_lines,
          minmay_the_grid_triangle_9x9_corruption,
          minmay_the_grid_triangle_9x9_pentomino_pain,
          minmay_the_grid_triangle_9x9_semitri,
          minmay_the_grid_triangle_9x9_alien,
          minmay_the_grid_triangle_9x9_from_above,
          minmay_the_grid_triangle_9x9_corrupted_corridor,
          minmay_the_grid_triangle_9x9_prize_special], layout_gridlike,
          hangedman_coc_ice_floe, minmay_room_of_horrors
Depths:4: evilmike_zot_entry_argh, layout_basic, grunt_mini_vestibule,
          serial_sigils_hangedman_gut, grunt_pan_entry_spiral, zin_scriptorium,
          serial_bayou_shore_b
Zot:1:    layout_cellular_growth
Zot:2:    layout_gridville, skrybe_zot_glass_2, grunt_megastairs_3
Zot:3:    layout_basic, grunt_ministairs_5, st_large_dragon_hoard_2
Zot:4:    layout_misc_corridors
Zot:5:    layout_basic

Skill      XL: |  1  2  3  4  5  6  7  8  9 10 11 12 13 14 15 16 17 18 19 20 21 22 23 24 25 26 |
---------------+-------------------------------------------------------------------------------+-----
Spellcasting   | 5 6 7 8 9 10 11 12 13 14 15 16 17 18 19 | 19.2
Invocations    | 1 2 3 4 5 6 7 8 9 10 11 12 13 14 15 16 17 18 19 20 | 20.2
Fighting       | 1 2 3 5 6 7 8 9 10 11 12 13 14 15 16 17 18 | 18.7
Short Blades   | 1 2 3 5 6 7 8 9 10 11 12 13 14 15 16 17 18 | 18.7
Long Blades    | 1 2 3 5 6 7 8 9 10 11 12 13 14 15 16 17 18 | 18.7
Axes           | 1 2 3 5 6 7 8 9 10 11 12 13 14 15 16 17 18 | 18.7
Maces & Flails | 1 2 3 5 6 7 8 9 10 11 12 13 14 15 16 17 18 | 18.7
Polearms       | 1 2 3 5 6 7 8 9 10 11 12 13 14 15 16 17 18 | 18.7
Staves         | 1 2 3 5 6 7 8 9 10 11 12 13 14 15 16 17 18 | 18.7
Ranged Weapons | 1 2 3 5 6 7 8 9 10 11 12 13 14 15 16 17 18 | 18.7
Throwing       | 1 2 3 5 6 7 8 9 10 11 12 13 14 15 16 17 19 | 19.2
Armour         | 1 2 3 5 6 7 8 9 10 11 12 13 14 15 16 17 18 | 18.7
Shields        | 1 2 3 5 6 7 8 9 10 11 12 13 14 15 16 17 18 | 18.7
Unarmed Combat | 1 2 3 5 6 7 8 9 10 11 12 13 14 15 16 17 18 | 18.7
Evocations     | 1 2 3 5 6 7 8 9 10 11 12 13 14 15 16 17 18 | 18.7
Conjurations   | 1 2 3 4 5 6 7 8 9 10 11 12 13 14 15 | 15.9
Hexes          | 1 2 3 4 5 6 7 8 9 10 11 12 13 14 15 | 15.9
Summonings     | 1 2 3 4 5 6 7 8 9 10 11 12 13 14 15 | 15.9
Necromancy     | 1 2 3 4 5 6 7 8 9 10 11 12 13 14 15 | 15.9
Translocations | 1 2 3 4 5 6 7 8 9 10 11 12 13 14 15 | 15.9
Transmutations | 1 2 3 4 5 6 7 8 9 10 11 12 13 14 15 | 15.9
Fire Magic     | 1 2 3 4 5 6 7 8 9 10 11 12 13 14 15 | 15.9
Air Magic      | 1 2 3 4 5 6 7 8 9 10 11 12 13 14 15 | 15.9
Earth Magic    | 1 2 3 4 5 6 7 8 9 10 11 12 13 14 15 | 15.9
Poison Magic   | 1 2 3 4 5 6 7 8 9 10 11 12 13 14 15 | 15.9
Dodging        | 5 6 7 8 9 10 11 12 13 14 15 16 17 18 19 | 19.1
Stealth        | 5 6 7 8 9 10 11 12 13 14 15 16 17 18 19 | 19.1
Ice Magic      | 8 9 10 11 12 13 14 15 16 17 | 17.2

Action                   |  1- 3 |  4- 6 |  7- 9 | 10-12 | 13-15 | 16-18 | 19-21 | 22-24 | 25-27 || total
-------------------------+-------+-------+-------+-------+-------+-------+-------+-------+-------++-------
Melee: Unarmed           |     8 |    89 |    84 |       |   482 |   901 |  1017 |  1270 |   940 ||  4791
       Bite              |     2 |    12 |    10 |    52 |    88 |   115 |   177 |   164 |    58 ||   678
       Punch             |       |     1 |     2 |    24 |    50 |    70 |   115 |       |       ||   262
       Dagger            |       |       |    25 |    11 |       |       |       |    28 |       ||    64
       Staff             |       |       |       |   321 |    78 |       |       |       |       ||   399
 Cast: Freeze            |    36 |    41 |    85 |       |     3 |       |       |       |       ||   165
       Frozen Ramparts   |       |    41 |    38 |    77 |    27 |       |       |       |       ||   183
       Ozocubu's Armour  |       |     1 |     7 |    29 |     4 |       |       |       |       ||    41
       Hailstorm         |       |       |       |    24 |     1 |       |       |       |       ||    25
       Borgnjor's Vile C |       |       |       |       |    65 |       |       |       |       ||    65
       Statue Form       |       |       |       |       |    81 |   166 |   138 |   159 |    92 ||   636
       Mephitic Cloud    |       |       |       |       |    12 |       |       |       |       ||    12
       Ignite Poison     |       |       |       |       |     8 |       |       |       |       ||     8
       Ozocubu's Refrige |       |       |       |       |     5 |    58 |    31 |    35 |       ||   129
       Blink             |       |       |       |       |     1 |       |       |       |       ||     1
       Manifold Assault  |       |       |       |       |       |    92 |    51 |   153 |   345 ||   641
       Irradiate         |       |       |       |       |       |       |     7 |    30 |     2 ||    39
       Starburst         |       |       |       |       |       |       |       |     5 |       ||     5
       Malign Gateway    |       |       |       |       |       |       |       |     1 |       ||     1
Invok: Slouch            |       |       |       |       |     5 |     9 |     5 |     4 |     3 ||    26
       Step From Time    |       |       |       |       |     4 |     5 |     9 |     1 |     2 ||    21
Evoke: Wand              |       |       |     7 |     6 |     1 |     1 |       |     1 |     1 ||    17
       Condenser vane    |       |       |       |       |       |     2 |     5 |     1 |     2 ||    10
       Lightning rod     |       |       |       |       |       |       |     4 |       |       ||     4
       Tin of tremorston |       |       |       |       |       |       |       |     4 |     2 ||     6
  Use: Scroll            |       |     1 |    11 |    13 |     9 |    14 |     8 |     5 |     8 ||    69
       Potion            |       |       |       |       |     1 |    11 |    17 |     2 |     4 ||    35
 Stab: Sleeping          |       |     2 |       |     3 |     2 |     5 |     5 |     7 |     5 ||    29
       Distracted        |       |       |     2 |       |       |     2 |     4 |       |       ||     8
       Paralysed         |       |       |       |    15 |       |       |       |       |       ||    15
Armor: Robe              |     3 |    29 |       |       |       |       |       |       |       ||    32
       Leather armour    |       |     5 |    64 |    91 |    27 |     6 |       |       |       ||   193
       Skin              |       |       |       |       |   373 |   552 |   630 |   394 |   217 ||  2166
Dodge: Dodged            |    17 |   125 |   155 |   299 |  1028 |  1657 |  1905 |  1137 |   591 ||  6914
Block: Kite shield       |       |       |       |       |       |       |   282 |  1534 |   369 ||  2185
       Buckler           |       |       |       |       |       |       |       |       |   122 ||   122
       Reflection        |       |       |       |       |       |       |       |       |     1 ||     1

Table legend: (Time is in decaauts)
 A = Elapsed time spent in this place.
 B = Non-inter-level travel time spent in this place.
 C = Inter-level travel time spent in this place.
 D = Time resting spent in this place.
 E = Time spent auto-exploring this place.
 F = Levels seen in this place.
 G = Mean time per level.
                   A        B        C        D        E       F      G
               +--------+--------+--------+--------+--------+-----+--------+
         Total | 124733 | 112818 |  11915 |  21996 |  68654 |  52 | 2398.7 |
       Dungeon |  33481 |  28667 |   4814 |   4536 |  18759 |  15 | 2232.1 |
        Temple |     22 |     11 |     11 |      0 |      0 |   1 |   22.0 |
          Lair |  16377 |  14100 |   2277 |   1223 |  10367 |   6 | 2729.5 |
        Shoals |   9103 |   8901 |    202 |   4370 |   1552 |   4 | 2275.8 |
     Snake Pit |  13226 |  12252 |    974 |   3428 |   6650 |   4 | 3306.5 |
  Orcish Mines |   3558 |   3118 |    440 |    502 |   2170 |   2 | 1779.0 |
   Elven Halls |   6734 |   6526 |    208 |    450 |   4614 |   3 | 2244.7 |
        Vaults |  19645 |  17540 |   2105 |   4435 |  10178 |   5 | 3929.0 |
         Crypt |   8677 |   8255 |    422 |    787 |   5536 |   3 | 2892.3 |
        Depths |  11930 |  11472 |    458 |   1096 |   8823 |   4 | 2982.5 |
           Zot |   1976 |   1976 |      0 |   1166 |      3 |   5 |  395.2 |
               +--------+--------+--------+--------+--------+-----+--------+

Top non-repeatable levels by time:
Vaults:3: 4713 daAuts
    D:15: 4647 daAuts
Vaults:2: 4593 daAuts
    D:14: 4316 daAuts
 Crypt:3: 3975 daAuts
Vaults:4: 3834 daAuts
    D:13: 3829 daAuts
Vaults:1: 3676 daAuts
 Snake:2: 3659 daAuts
 Snake:4: 3611 daAuts
    D:11: 3521 daAuts
Shoals:1: 3464 daAuts
  Lair:3: 3251 daAuts
 Crypt:1: 3161 daAuts
  Lair:6: 3137 daAuts
